 Dungeon Crawl Stone Soup version 0.17-a0-1164-g0ba867e (webtiles) character file.

3502 Leibowitz the Slicer (level 10, -1/63 HPs)
             Began as a Kobold Gladiator on May 28, 2015.
             Was a Priest of Okawaru.
             Slain by a yaktaur (11 damage)
             ... on level 7 of the Dungeon.
             The game lasted 00:33:01 (8795 turns).

Leibowitz the Slicer (Kobold Gladiator)             Turns: 8795, Time: 00:33:01

Health: -1/63      AC: 13    Str: 14    XL:     10   Next: 28%
Magic:  10/10      EV: 18    Int:  6    God:    Okawaru [***...]
Gold:   222        SH:  0    Dex: 20    Spells: 0 memorised, 9 levels left

rFire  . . .     SeeInvis .     a - +1 rapier
rCold  . . .     Clarity  .     n - +3 ring mail {rPois}
rNeg   . . .     SustAt   .     t - +0 shield
rPois  +         Gourm    .     c - +0 helmet
rElec  .         Spirit   .     u - +0 cloak
rCorr  .         Warding  .     d - +1 pair of gloves
rMut   .         Stasis   .     (no boots)
MR     .....                    (no amulet)
Stlth  +.........               (no ring)
                                (no ring)

@: confused, not resistant to hostile enchantments, very unstealthy
A: carnivore 3, mutation resistance 1
a: Heroism, Renounce Religion


You were on level 7 of the Dungeon.
You worshipped Okawaru.
Okawaru was most pleased with you.
You were not hungry.

You visited 2 branches of the dungeon, and saw 8 of its levels.

You collected 222 gold pieces.

Inventory:

Hand weapons
 a - a +1 rapier (weapon)
Armour
 c - a +0 helmet (worn)
 d - a +1 pair of gloves (worn)
 n - a +3 ring mail of poison resistance (worn)
 t - a +0 shield (worn)
 u - a +0 cloak (worn)
Magical devices
 j - a wand of cold (9)
 p - a wand of teleportation (3)
 q - a wand of slowing (13)
Scrolls
 i - a scroll of amnesia
 m - a scroll of enchant armour
 o - a scroll of fear
 s - a scroll of enchant weapon
 v - a scroll of remove curse
 w - a scroll of identify {unknown}
Potions
 b - a potion of might
 f - a potion of ambrosia
 h - a potion of heal wounds
 l - a potion of curing
 r - a potion of brilliance
Comestibles
 e - 2 meat rations
 g - a royal jelly
 k - a beef jerky


   Skills:
 * Level 7.1 Fighting
 * Level 9.8 Short Blades
 - Level 2.6 Throwing
 + Level 2.9 Armour
 * Level 9.4 Dodging
 * Level 8.1 Stealth
 * Level 2.3 Shields
 + Level 0.8 Evocations


You had 9 spell levels left.
You didn't know any spells.

Dungeon Overview and Level Annotations

Branches:
Dungeon (7/15)             Temple (1/1) D:5

Altars:
Ashenzari
Cheibriados
Dithmenos
Elyvilon
Fedhas
Gozag
Kikubaaqudgha
Makhleb
Nemelex Xobeh
Okawaru
Ru
Sif Muna
Trog
Vehumet
Yredelemnul
Zin
The Shining One

Shops:
D:4 (

Annotations:
D:3 KlotserJr's ghost, average DsBe


Innate Abilities, Weirdness & Mutations

You are small and have problems with some larger weapons.
You are carnivorous and can eat meat at any time.
You are somewhat resistant to further mutation.


Message History

The yaktaur hits you but does no damage.
You hit the yaktaur.
The yaktaur is lightly wounded.
You hit the yaktaur but do no damage.
The yaktaur is lightly wounded.
The yaktaur hits you!
You hit the yaktaur.
The yaktaur is moderately wounded.
You block the yaktaur's attack.
You puncture the yaktaur!
The yaktaur is moderately wounded.
The yaktaur misses you.
You hit the yaktaur.
The yaktaur is heavily wounded.
The yaktaur hits you!
* * * LOW HITPOINT WARNING * * *
Drink which item? (? for menu, Esc to quit)
You are confused.
You feel invigorated.
Something hits the gnoll!
The yaktaur hits you!
You die...

#.# ##.# ##.(#
###...# .. ......
...# #...# ....# #..#
#.$.# #@#
...#....###c###
#...#.......g).#
##... ..#..g#[#.#
#...###.#.......#
#.......#.......##
##....#.....#.....#
###.....#.###.#.....#
...#)...#.....#.....#


You could see a yaktaur and 2 gnolls.

Vanquished Creatures
  Pikel (D:7)
  Grinder (D:5)
  Prince Ribbit (D:6)
  Sigmund (D:5)
  A centaur (D:7)
  A water moccasin (D:7)
  3 orc warriors
  2 ice beasts (D:7)
  5 ogres
  Blork the orc (D:6)
  2 giant frogs (D:6)
  A gnoll sergeant (D:6)
  3 scorpions
  A giant frog zombie (D:5)
  5 crimson imps
  A hound (D:5)
  2 jellies
  3 orc wizards (D:6)
  A centaur skeleton (D:5)
  A centaur zombie (D:6)
  An orc priest (D:6)
  8 worker ants
  Jessica (D:2)
  A hound zombie (D:7)
  A worker ant zombie (D:5)
  7 gnolls
  9 adders
  A shadow imp (D:6)
  An adder zombie (D:5)
  3 worms
  3 giant geckos
  11 orcs
  8 bats
  2 bat skeletons (D:5)
  5 giant cockroaches
  8 goblins
  14 hobgoblins
  3 jackals (D:4)
  2 quokkas
  A ball python (D:5)
  2 giant newts
  12 kobolds
  A quokka skeleton (D:4)
  A quokka zombie (D:6)
  16 rats
159 creatures vanquished.

Vanquished Creatures (others)
  2 slaves (D:7)
  A gnoll (D:7)
  A goblin (D:7)
4 creatures vanquished.

Grand Total: 163 creatures vanquished

Notes
Turn   | Place    | Note
--------------------------------------------------------------
     0 | D:1      | Leibowitz the Kobold Gladiator began the quest for the Orb.
     0 | D:1      | Reached XP level 1. HP: 12/12 MP: 1/1
   174 | D:1      | Reached XP level 2. HP: 18/18 MP: 2/2
  1125 | D:2      | Reached XP level 3. HP: 15/22 MP: 3/3
  1403 | D:2      | Noticed Jessica
  1406 | D:2      | Killed Jessica
  1406 | D:2      | Reached skill level 1 in Stealth
  1406 | D:2      | Reached XP level 4. HP: 27/27 MP: 4/4
  1422 | D:2      | Reached skill level 5 in Short Blades
  2534 | D:3      | Reached XP level 5. HP: 29/32 MP: 5/5
  2543 | D:3      | Noticed KlotserJr's ghost (average DsBe)
  2762 | D:3      | Reached skill level 5 in Dodging
  2831 | D:3      | Found a glowing silver altar of Zin.
  2874 | D:3      | Found a deep blue altar of Sif Muna.
  3196 | D:4      | Noticed an ogre
  3209 | D:4      | Killed an ogre
  3209 | D:4      | Reached XP level 6. HP: 37/37 MP: 6/6
  3626 | D:4      | Found Cyaptorio's Weapon Shop.
  3789 | D:4      | Reached skill level 6 in Dodging
  3901 | D:5      | Entered Level 5 of the Dungeon
  3960 | D:5      | Reached XP level 7. HP: 34/41 MP: 7/7
  4406 | D:5      | Found a staircase to the Ecumenical Temple.
  4426 | Temple   | Entered the Ecumenical Temple
  4592 | Temple   | Became a worshipper of Warmaster Okawaru
  4634 | D:5      | Reached skill level 1 in Armour
  5147 | D:5      | Noticed Grinder
  5205 | D:5      | Reached XP level 8. HP: 27/48 MP: 8/8
  5326 | D:5      | Paralysed by Grinder for 2 turns
  5334 | D:5      | Paralysed by Grinder for 7 turns
  5344 | D:5      | Killed Grinder
  5344 | D:5      | Acquired Okawaru's first power
  5344 | D:5      | Reached skill level 7 in Dodging
  5593 | D:5      | Noticed Sigmund
  5607 | D:5      | Killed Sigmund
  5607 | D:5      | Reached skill level 5 in Fighting
  5607 | D:5      | Reached skill level 5 in Stealth
  6096 | D:6      | Noticed Prince Ribbit
  6112 | D:6      | Reached skill level 8 in Short Blades
  6112 | D:6      | Reached XP level 9. HP: 54/54 MP: 9/9
  6237 | D:6      | Noticed Blork the orc
  6247 | D:6      | Killed Blork the orc
  6394 | D:6      | Killed Prince Ribbit
  6426 | D:6      | Gained mutation: You are somewhat resistant to further mutation. [potion of beneficial mutation]
  6828 | D:6      | Found a sacrificial altar of Ru.
  6831 | D:6      | Found a sparkling altar of Nemelex Xobeh.
  6834 | D:6      | Found a snail-covered altar of Cheibriados.
  7245 | D:6      | Reached skill level 9 in Short Blades
  7847 | D:7      | Found a glowing golden altar of the Shining One.
  8231 | D:7      | Found a bloodstained altar of Trog.
  8253 | D:7      | Reached skill level 1 in Shields
  8648 | D:7      | Noticed a yaktaur
  8658 | D:7      | Noticed Pikel
  8679 | D:7      | Reached XP level 10. HP: 50/61 MP: 10/10
  8724 | D:7      | Killed Pikel
  8795 | D:7      | Slain by a yaktaur

Vault maps used:
D:1:      scummos_arrival_simple_fountains, minmay_misc_feat_doors
D:2:      first_bread, uniq_jessica
D:3:      zin_treasury, led_sif_book, grunt_ministairs_11, trog_book
D:4:      serial_shops, shop
D:5:      minmay_temple_entry_large_hall, uniq_grinder, uniq_sigmund
D:6:      minmay_klotski, grunt_temple_overflow_diamond, uniq_prince_ribbit1,
          uniq_blork_the_orc
D:7:      hangedman_cross_stitches, kennysheep_mini_moat, kennysheep_mini,
          minitemple, the_bakery, uniq_pikel
Temple:   chambers_temple_10

Action                   |  1- 3 |  4- 6 |  7- 9 | 10-12 || total
-------------------------+-------+-------+-------+-------++-------
Melee: Rapier            |    76 |   196 |   668 |    95 ||  1035
Throw: Throwing net      |     1 |     3 |    14 |       ||    18
Evoke: Wand              |       |     2 |     5 |       ||     7
  Use: Potion            |       |     6 |     4 |     4 ||    14
       Scroll            |       |     7 |     3 |       ||    10
 Stab: Sleeping          |     3 |    12 |    11 |       ||    26
       Distracted        |     1 |       |       |       ||     1
       Held in net/web   |       |     2 |     6 |       ||     8
  Eat: Chunk             |    10 |     8 |    11 |       ||    29
